 Dungeon Crawl Stone Soup version 0.31-a0-229-g1fc7ce93e2 (webtiles) character file.

Game seed: 7502876042972768974

68 qw the Shooter (level 4, 0/36 HPs)
             Began as a Minotaur Hexslinger on July 6, 2023.
             Slain by Jessica
             ... wielding a +0 club
              (4 damage)
             ... on level 2 of the Dungeon.
             The game lasted 00:00:39 (1549 turns).

qw the Shooter (Minotaur Hexslinger)                Turns: 1549, Time: 00:00:39

Health: 0/36       AC:  5    Str: 12    XL:     4   Next: 1%
Magic:  4/4        EV: 11    Int: 10    God:
Gold:   61         SH:  0    Dex: 15    Spells: 4/5 levels left

rFire   . . .        Y - +2 sling
rCold   . . .        (no shield)
rNeg    . . .        e - +0 ring mail
rPois   .            (helmet restricted)
rElec   .            (no cloak)
rCorr   .            (no gloves)
SInv    .            (no boots)
Will    .....        (no amulet)
Stlth   +            (no ring)
HPRegen 0.26/turn    (no ring)
MPRegen 0.09/turn

%: no passive effects
@: slowed, very slow
A: horns 2, retaliatory headbutt
a: no special abilities


You were on level 2 of the Dungeon.
You visited 1 branch of the dungeon, and saw 4 of its levels.

You collected 61 gold pieces.


Innate Abilities, Weirdness & Mutations

You have a pair of horns on your head.
You reflexively headbutt those who attack you in melee.


   Skills:
 - Level 2.0 Fighting
 + Level 4.3 Ranged Weapons
 - Level 1.0 Armour
 - Level 2.1 Dodging
 - Level 1.0 Spellcasting
 - Level 2.0 Hexes


You had 4 spell levels left.
You knew the following spells:

 Your Spells              Type           Power      Damage    Failure   Level
a - Slow                  Hex            16%        N/A       34%         1

Your spell library contained the following spells:

 Spells                   Type           Power      Damage    Failure   Level
 Inner Flame              Hex/Fire       2%         N/A       83%         3
 Portal Projectile        Hex/Tloc       4%         N/A       83%         3
 Cause Fear               Hex            2%         N/A       98%         4

Inventory:

Hand Weapons
 Y - a +2 sling (weapon)
Armour
 e - a +0 ring mail (worn)
Potions
 a - a potion of might {unknown}
 d - a potion of curing
 f - a potion of heal wounds {unknown}

Dungeon Overview and Level Annotations

Branches:
Dungeon (4/15)
 Temple: D:4-7

Altars:

Annotations:
D:2 Jessica


Message History

You shoot a sling bullet. The sling bullet hits Jessica.
Jessica is severely wounded.
Jessica barely misses you. The ball python bites you.
The ball python barely misses you. Jessica hits you with a +0 club.
The ball python closely misses you. You furiously retaliate!
You headbutt the ball python.
You kill the ball python!
Jessica misses you.
You shoot a sling bullet. The sling bullet barely misses Jessica.
Jessica drinks a potion.
Jessica is healed!
The kobold hits you with a +0 club. Jessica hits you with a +0 club.
The kobold hits you with a +0 club.
You shoot a sling bullet. The sling bullet barely misses Jessica.
Jessica misses you. Jessica barely misses you. You furiously retaliate!
You headbutt Jessica. The kobold hits you with a +0 club.
Jessica barely misses you. The kobold hits you but does no damage.
You shoot a sling bullet.
The sling bullet closely misses Jessica.
Jessica hits you with a +0 club. Jessica misses you.
The kobold barely misses you. Jessica hits you with a +0 club.
The kobold barely misses you.
Jessica says, "I'm really upset."
Jessica barely misses you.
You shoot a sling bullet.
The sling bullet hits Jessica but does no damage.
Jessica is moderately wounded.
Jessica hits you with a +0 club. The kobold barely misses you.
Jessica hits you with a +0 club. The kobold hits you with a +0 club.
Jessica hits you with a +0 club.
You shoot a sling bullet. The sling bullet barely misses Jessica.
Jessica barely misses you. The kobold hits you but does no damage.
Jessica casts a spell at you. Pain shoots through your body!
The kobold hits you but does no damage.
Jessica mumbles something strange.
Jessica hits you with a +0 club.
You shoot a sling bullet.
The sling bullet hits Jessica but does no damage.
Jessica is moderately wounded.
Jessica shouts, "You're disturbing me!
I'll have to kill you!" Jessica hits you with a +0 club.
You die...

#.# ###..#.#.#.#.# #.
#.. ............# #.
#..#.#.#.#.# #. #
#####..........# #.
#. ......#)#.#.#.# #.
.. .. #.........# #.
#.#. ####.###..# #.
#.K#####.# #.## #.
#.@@.....###.######.
#....(..............
#[###################
.. ... ##


You could see Jessica (fast) and a kobold.

Vanquished Creatures
  2 worms (D:2)
  4 dart slugs (D:1)
  6 orcs
  5 ball pythons
  4 bats
  6 endoplasms (D:1)
  2 giant cockroaches (D:1)
  5 hobgoblins
  3 kobolds
  2 quokkas (D:2)
  2 frilled lizards (D:1)
  3 goblins
  A rat (D:2)
45 creatures vanquished.

Notes
Turn   | Place    | Note
-------+----------+-------------------------------------------
     0 | D:1      | qw the Minotaur Hexslinger began the quest for the Orb.
     0 | D:1      | Reached XP level 1. HP: 16/16 MP: 1/1
     0 | D:1      | 0 ||| qw: Version: 0.3-a-46-gb1f654a
     0 | D:1      | 0 ||| qw: Game counter: 1405
     0 | D:1      | 0 ||| qw: Melee chars always use a shield: true
     0 | D:1      | 0 ||| qw: God list: Okawaru
     0 | D:1      | 0 ||| qw: Allow faded altars: false
     0 | D:1      | 0 ||| qw: Do Orc after clearing Dungeon:15 true
     0 | D:1      | 0 ||| qw: Do second Lair branch before Depths: true
     0 | D:1      | 0 ||| qw: Lair rune preference: random
     0 | D:1      | 0 ||| qw: Goals: Normal
     0 | D:1      | 0 ||| PLANNING D:1-11
    56 | D:1      | Reached skill level 3 in Ranged Weapons
    75 | D:1      | Reached XP level 2. HP: 23/23 MP: 2/2
   193 | D:1      | 193 ||| Stepping ~*~*~tactically~*~*~ (water).
   230 | D:1      | 230 ||| UPGRADING to +0 ring mail.
   254 | D:1      | 254 ||| DROPPING +0 robe.
   405 | D:1      | Reached XP level 3. HP: 29/29 MP: 3/3
   410 | D:1      | 410 ||| FLEEEEING.
   411 | D:1      | 411 ||| FLEEEEING.
   413 | D:1      | 413 ||| DROPPING scroll of poison.
   415 | D:1      | 415 ||| Stepping ~*~*~tactically~*~*~ (water).
   769 | D:1      | 769 ||| DRINKING 2 viscous inky potions.
   806 | D:1      | 806 ||| DROPPING potion of lignification.
   919 | D:2      | Reached skill level 4 in Ranged Weapons
  1095 | D:2      | You fall into a shaft and drop 2 floors!
  1133 | D:4      | 1133 ||| READING scroll labelled SYENETRATSITS.
  1134 | D:4      | 1134 ||| READING scroll labelled ISEGGI KYIMI.
  1157 | D:3      | Reached skill level 1 in Armour
  1159 | D:3      | 1159 ||| Stepping ~*~*~tactically~*~*~ (outnumbered).
  1537 | D:2      | Noticed Jessica
  1543 | D:2      | Reached XP level 4. HP: 36/36 MP: 4/4
  1547 | D:2      | HP: 8/36 [kobold/+0 club (3)]
  1549 | D:2      | Slain by Jessica

Levels and vault maps discovered:
D:1:      saegor_arrival_simple_d, layout_loops_ring, serial_rivers,
          chequers_serial_rivers_micro_a, chequers_serial_rivers_marsh,
          chequers_serial_rivers_marsh, chequers_serial_rivers_micro_d,
          chequers_serial_rivers_micro_a, serial_bayou_lake_a
D:2:      layout_loops_ring, serial_glass, glass_columns_a, glass_columns_c,
          nicolae_figureground_pulse, uniq_jessica
D:3:      layout_loops_corners, uniq_ijyb, uniq_terence
D:4:      layout_layer_cave, mainiacjoe_overflow_concentric_impassable,
          overflow_temple_1_default, minmay_temple_entry_glass,
          minmay_stone_trees_small

Skill      XL: |  1  2  3 |
---------------+----------+-----
Ranged Weapons | 3 4 |  4.3
Fighting       | 2 |  2.0
Armour         | 1 |  1.0
Dodging        | |  2.1
Spellcasting   | |  1.0
Hexes          | |  2.0

Action                     |  1- 3 |  4- 6 || total
---------------------------+-------+-------++-------
   Fire: Sling             |   159 |     7 ||   166
    Use: Scroll            |     2 |       ||     2
         Potion            |     1 |       ||     1
 Armour: Robe              |     2 |       ||     2
         Ring mail         |    10 |     3 ||    13
  Dodge: Dodged            |    42 |    13 ||    55

Table legend:
 A = Non-vault XP
 B = Vault XP
 C = Vault XP percentage of total XP
 D = Non-vault monster count
 E = Vault monster count
 F = Vault count percentage of total count
                 A         B        C        D         E       F
            +---------+---------+-------+---------+---------+-------
      Total |      98 |       0 |   0.0 |      45 |       0 |   0.0
            +---------+---------+-------+---------+---------+-------
        D:1 |      53 |       0 |   0.0 |      26 |       0 |   0.0
        D:2 |      25 |       0 |   0.0 |      12 |       0 |   0.0
        D:3 |      17 |       0 |   0.0 |       6 |       0 |   0.0
        D:4 |       3 |       0 |   0.0 |       1 |       0 |   0.0
            +---------+---------+-------+---------+---------+-------
